Description

Standard Nexus before Core opener for PvT.

VOD

https://www.twitch.tv/videos/2751024618?t=03h42m29s

Build Order

Get SALT Encoding   

  14  0:17  Pylon  
  16  0:37  Gateway  Chrono probes
  17  0:47  Assimilator  Keep 16 probes on minerals at all times
  20  1:24  Nexus  
  20  1:33  Cybernetics Core  
  21  1:45  Assimilator  
  22  1:53  Pylon  On the low ground
  23  2:10  Warp Gate  
  23  2:11  Stalker  Chrono stalker
  27  2:29  Sentry  
  31  2:42  Twilight Council  
  33  2:51  Stalker  Chrono probes
  37  3:02  Gateway  
  38  3:10  Gateway  
  40  3:21  Blink  
Spawning Tool Build Advisor. Get it on Overwolf

Analysis

Once you start blink, go for a robo and play for warp prism/blink stalker harass timing.

Scout with hallucinated phoenix around the 4 minute mark, position stalkers to deal with potential drops.

Go to:

Details

  • Created by: Woohoojin
  • Published on: Apr 23, 2026
  • Modified on: Apr 23, 2026
  • Patch: 5.0.11
  • Difficulty: Hard
Show
View Real Time Build Order
Export as new Build Order

Comments (0)

There are no comments. Be the first!

Create an account to comment!